 Dungeon Crawl Stone Soup version 0.22-a0-135-g6f012ad (webtiles) character file.

770 varam the Reanimator (level 7, -12/48 HPs)
             Began as a Mummy Necromancer on Jan 31, 2018.
             Mangled by Duvessa
             ... wielding a +0 short sword
              (14 damage)
             ... on level 4 of the Dungeon.
             The game lasted 00:17:04 (5304 turns).

varam the Reanimator (Mummy Necromancer)            Turns: 5304, Time: 00:17:05

Health: -12/48     AC:  2    Str: 12    XL:     7   Next: 53%
Magic:  11/11      EV: 12    Int: 16    God:
Gold:   195        SH:  0    Dex: 17    Spells: 3/12 levels left

rFire    x . .     SeeInvis .   a - +3 rapier (venom)
rCold    + . .     Gourm    .   (no shield)
rNeg     + + +     Faith    .   p - +0 robe (curse)
rPois    ∞         Spirit   .   (no helmet)
rElec    .         Reflect  .   (no cloak)
rCorr    .         Harm     .   (no gloves)
MR       .....                  (no boots)
Stlth    +++.......             (no amulet)
HPRegen  0.16/turn              h - +5 ring of dexterity
MPRegen  0.12/turn              d - ring of stealth

@: no status effects
A: no food or potions, fire vulnerability, cold resistance 1, negative energy
resistance 3, torment resistance, unbreathing
a: no special abilities


You were on level 4 of the Dungeon.
You were not hungry.

You visited 1 branch of the dungeon, and saw 4 of its levels.

You collected 195 gold pieces.

Inventory:

Hand Weapons
 a - a +3 rapier of venom (weapon)
 e - a +1 dagger of venom
Missiles
 c - 126 stones (quivered)
 k - 7 tomahawks
Armour
 p - a cursed +0 robe (worn)
Jewellery
 d - a ring of stealth (right hand)
 h - a +5 ring of dexterity (left hand)
 j - an uncursed ring of fire
Scrolls
 f - 3 scrolls of teleportation
 g - 4 scrolls of fear {unknown}
 i - 2 scrolls of enchant armour
 l - a scroll of random uselessness
 m - a scroll of remove curse {unknown}
 n - 3 scrolls of identify
 o - a scroll of enchant weapon {unknown}
Books
 b - a book of Necromancy

   Spells                             Type                      Level
   a - Pain                           Necromancy                   1
   b - Animate Skeleton               Necromancy                   1
   c - Vampiric Draining              Necromancy                   3
   d - Regeneration                   Charms/Necromancy            3
   e - Animate Dead                   Necromancy                   4


   Skills:
 + Level 1.0 Fighting
 + Level 0.7 Short Blades
 + Level 1.9 Dodging
 - Level 1.5 Stealth
 + Level 3.1 Spellcasting
 + Level 9.0 Necromancy


You had 3 spell levels left.
You knew the following spells:

 Your Spells              Type           Power        Failure   Level  Hunger
a - Pain                  Necr           ####         1%          1    N/A
b - Animate Skeleton      Necr           N/A          1%          1    N/A
c - Animate Dead          Necr           N/A          4%          4    N/A
d - Vampiric Draining     Necr           ####......   1%          3    N/A

Dungeon Overview and Level Annotations

Branches:
Dungeon (4/15)
 Temple: D:4-7

Altars:
Ru
Xom
Yredelemnul

Annotations:
D:4 Duvessa


Innate Abilities, Weirdness & Mutations

You do not eat or drink.
Your flesh is vulnerable to fire.
You are immune to poison.
Your flesh is cold resistant. (rC+)
You are immune to negative energy. (rN+++)
You are immune to unholy pain and torment.
You can survive without breathing.


Message History

Dowan hits your worker ant zombie with a dagger.
Dowan casts a spell.
Dowan blinks!
Something hits your worker ant zombie but does no damage.
Your worker ant zombie bites Dowan.
Something hits you.
Your worker ant zombie closely misses Dowan.
Dowan gestures at your worker ant zombie while chanting.
The puff of frost hits your worker ant zombie.
Your worker ant zombie resists.
Something hits you!
* * * LOW HITPOINT WARNING * * *
Your worker ant zombie bites Dowan.
Dowan dies!
Something screams in rage.
Your Fighting skill increases to level 1!
Something hits you!
* * * LOW HITPOINT WARNING * * *
Something hits you!
You die...

..# ### #.#
############# .. #.#
#>........... #. #.#
#............ #.##.#
#.#....#.....
#..#.##Z.#.##.##.###
###..#.#.#.#.##.##.#
#..........#.......#
#(...@.########.####
#....Z...# #.#
#.....##.# #.#
#..)..# .# #.....# #
#.....# #######


You could see a friendly worker ant zombie and a friendly dart slug zombie.

Vanquished Creatures
  Sigmund (D:2)
  2 ogres (D:4)
  A scorpion (D:4)
  An orc wizard (D:3)
  A centaur skeleton (D:4)
  Natasha (twice) (D:1)
  2 worker ants (D:4)
  A worker ant zombie (D:4)
  2 adders
  A worm (D:3)
  A dart slug (D:4)
  3 orcs
  2 giant cockroaches (D:3)
  7 goblins
  6 hobgoblins
  2 quokkas
  A ball python (D:1)
  4 bats (D:1)
  5 frilled lizards
  7 kobolds
  A leopard gecko zombie (D:4)
  4 rats
57 creatures vanquished.

Vanquished Creatures (collateral kills)
  Eustachio (D:4)
  Dowan (D:4)
  A centaur zombie (D:4)
  A centaur skeleton (D:4)
  An iguana (D:4)
  A worker ant (D:4)
  A worker ant zombie (D:4)
  An adder skeleton (D:4)
  A frilled lizard (D:4)
  A quokka zombie (D:4)
  2 butterflies (D:4)
12 creatures vanquished.

Grand Total: 69 creatures vanquished

Notes
Turn   | Place    | Note
-------+----------+-------------------------------------------
     0 | D:1      | varam the Mummy Necromancer began the quest for the Orb.
     0 | D:1      | Reached XP level 1. HP: 13/13 MP: 4/4
   202 | D:1      | Reached XP level 2. HP: 19/19 MP: 2/5
   752 | D:2      | Noticed Sigmund
   830 | D:2      | Found a sacrificial altar of Ru.
   955 | D:2      | Found a shimmering altar of Xom.
   967 | D:2      | Learned a level 1 spell: Animate Skeleton
  1274 | D:2      | Reached skill level 5 in Necromancy
  1352 | D:2      | Noticed Natasha
  1377 | D:2      | Reached XP level 3. HP: 24/24 MP: 5/7
  2100 | D:3      | Reached XP level 4. HP: 26/30 MP: 1/8
  2971 | D:1      | Killed Natasha
  2971 | D:1      | Reached skill level 6 in Necromancy
  2999 | D:1      | Noticed Natasha
  3213 | D:1      | Killed Natasha
  3213 | D:1      | Reached XP level 5. HP: 8/35 MP: 3/9
  3822 | D:2      | Killed Sigmund
  3822 | D:2      | Reached skill level 7 in Necromancy
  3822 | D:2      | Reached XP level 6. HP: 22/41 MP: 1/10
  4052 | D:4      | Found a basalt altar of Yredelemnul.
  4398 | D:3      | Learned a level 4 spell: Animate Dead
  4746 | D:4      | Reached skill level 8 in Necromancy
  4780 | D:4      | Reached XP level 7. HP: 37/46 MP: 4/11
  4786 | D:4      | Noticed Eustachio
  4798 | D:4      | Killed Eustachio
  4986 | D:4      | HP: 2/47 [worker ant zombie (5)]
  5259 | D:4      | Reached skill level 3 in Spellcasting
  5265 | D:4      | Reached skill level 9 in Necromancy
  5293 | D:4      | Learned a level 3 spell: Vampiric Draining
  5293 | D:4      | Noticed Duvessa
  5293 | D:4      | Noticed Dowan
  5303 | D:4      | Killed Dowan
  5303 | D:4      | Reached skill level 1 in Fighting
  5304 | D:4      | HP: 2/48 [something (8)]
  5304 | D:4      | Mangled by Duvessa

Vault maps used:
D:1:      denvon_arrival_waterhouse, serial_bayou, serial_bayou_pond_a,
          serial_bayou_pond_d, serial_bayou_crossing, serial_bayou_lake_a,
          serial_bayou_pond_c
D:2:      nicolae_ru_sacrificial_ziggurat, xom_teletrap_fun, uniq_natasha,
          uniq_sigmund
D:3:      first_ration, serial_bayou, serial_bayou_pond_b, serial_bayou_ford_a,
          serial_bayou_pond_e, serial_bayou_pond_e,
          grunt_dithmenos_smoke_and_mirrors
D:4:      marbit_many_paths, overflow_temple_1_default, serial_undead,
          serial_undead_e, serial_undead_e, serial_undead_d, serial_undead_d,
          hangedman_glass_garden, uniq_duvessa, uniq_eustachio

Skill      XL: |  1  2  3  4  5  6  7 |
---------------+----------------------+-----
Necromancy     | 5 6 7 8 9 |  9.0
Spellcasting   | 3 |  3.1
Fighting       | 1 |  1.0
Short Blades   | |  0.7
Dodging        | |  1.9
Stealth        | |  1.5

Action                   |  1- 3 |  4- 6 |  7- 9 || total
-------------------------+-------+-------+-------++-------
Melee: Club              |     9 |     2 |       ||    11
       Dagger            |       |    60 |     5 ||    65
       Rapier            |       |       |    20 ||    20
Throw: Stone             |       |     3 |       ||     3
 Cast: Pain              |    65 |    44 |     4 ||   113
       Animate Skeleton  |     1 |     4 |       ||     5
       Animate Dead      |       |     2 |     5 ||     7
  Use: Scroll            |     2 |     1 |       ||     3
 Stab: Sleeping          |       |     3 |     2 ||     5
       Distracted        |       |     1 |       ||     1
Armor: Robe              |     2 |     7 |     3 ||    12
Dodge: Dodged            |    20 |    43 |    15 ||    78

Table legend:
 A = Spawn XP
 B = Non-spawn XP
 C = Spawn XP percentage of total XP
 D = Spawn monster count
 E = Non-spawn monster count
 F = Spawn count percentage of total count
 G = Total turns spent on level
                    A         B        C        D         E        F      G
               +---------+---------+-------+---------+---------+-------+---------
         Total |       0 |    1101 |   0.0 |       0 |      67 |   0.0 |  5304
               +---------+---------+-------+---------+---------+-------+---------
           D:1 |       0 |     101 |   0.0 |       0 |      20 |   0.0 |  1535
           D:2 |       0 |     224 |   0.0 |       0 |       8 |   0.0 |  1451
           D:3 |       0 |      88 |   0.0 |       0 |      18 |   0.0 |  1584
           D:4 |       0 |     688 |   0.0 |       0 |      21 |   0.0 |   734
               +---------+---------+-------+---------+---------+-------+---------
